 Dungeon Crawl Stone Soup version 0.29.1-2-gbd0b4ee654 (webtiles) character file.

Game seed: 16543077885817400112

270 Descartes the Shield-Bearer (level 6, -1/47 HPs)
             Began as a Formicid Fighter on Nov 25, 2022.
             Killed from afar by a white imp (7 damage)
             ... with a puff of frost
             ... summoned by Eustachio
             ... on level 4 of the Dungeon.
             The game lasted 00:08:37 (3284 turns).

Descartes the Shield-Bearer (Formicid Fighter)      Turns: 3284, Time: 00:08:38

Health: -1/47      AC:  7    Str: 21    XL:     6   Next: 47%
Magic:  6/6        EV:  9    Int:  9    God:
Gold:   206        SH:  5    Dex: 13    Spells: 5/5 levels left

rFire   . . .      SeeInvis +   a - +0 war axe
rCold   . . .      Faith    .   c - +0 buckler
rNeg    . . .      Spirit   .   b - +0 scale mail
rPois   .          Reflect  .   (helmet unavailable)
rElec   .          Harm     .   (no cloak)
rCorr   .          Rampage  .   (no gloves)
Will    .....                   (no boots)
Stlth   ..........              h - amulet of the acrobat
HPRegen 0.15/turn               (no ring)
MPRegen 0.10/turn               (no ring)

@: brilliant
A: permanent stasis, dig shafts and tunnels, antennae 3, four strong arms
a: Dig, Shaft Self


You were on level 4 of the Dungeon.
You visited 1 branch of the dungeon, and saw 4 of its levels.

You collected 206 gold pieces.

Inventory:

Hand Weapons
 a - a +0 war axe (weapon)
Armour
 b - a +0 scale mail (worn)
 c - a +0 buckler (worn)
Jewellery
 h - an amulet of the acrobat (around neck)
Scrolls
 e - 3 scrolls of identify {unknown}
 f - a scroll of teleportation {unknown}
 i - a scroll of amnesia {unknown}
 k - a scroll of poison {unknown}
 l - 2 scrolls of enchant weapon {unknown}
 m - 2 scrolls of butterflies {unknown}
 q - a scroll of blinking {unknown}
Potions
 d - a potion of might
 g - a potion of berserk rage {unknown}
 j - a potion of haste {unknown}
 n - a potion of brilliance
 o - a potion of mutation {unknown}
 p - a potion of resistance {unknown}


   Skills:
 - Level 3.5 Fighting
 + Level 3.8 Axes
 + Level 5.0 Armour
 + Level 6.1 Shields


You had 5 spell levels left.
You didn't know any spells.
Your spell library contained the following spells:

 Spells                   Type           Power      Damage    Failure   Level
 Magic Dart               Conj           0%         1d3       77%         1
 Searing Ray              Conj           0%         2d4       88%         2
 Call Canine Familiar     Summ           0%         N/A       98%         3
 Portal Projectile        Hex/Tloc       0%         N/A       98%         3
 Stone Arrow              Conj/Erth      0%         3d7       98%         3
 Animate Armour           Summ/Erth      0%         N/A       100%        4
 Animate Dead             Necr           0%         N/A       100%        4
 Fulminant Prism          Conj/Hex       0%         3d6       100%        4
 Leda's Liquefaction      Hex/Erth       0%         N/A       100%        4
 Borgnjor's Vile Clutch   Necr/Erth      0%         N/A       100%        5
 Death Channel            Necr           0%         N/A       100%        6
 Lehudib's Crystal Spear  Conj/Erth      0%         10d2      100%        8


Dungeon Overview and Level Annotations

Branches:
Dungeon (4/15)
 Temple: D:4-7

Altars:
Ashenzari
Qazlal

Annotations:
D:3 2 transporters
D:4 Eustachio


Innate Abilities, Weirdness & Mutations

You cannot be hasted, slowed, berserked, paralysed or teleported.
You can dig through walls and to a lower floor.
You have a pair of large antennae on your head. (SInv)
Your four strong arms can wield two-handed weapons with a shield.


Message History

You hit the quasit. The quokka barely misses you. The quasit bites you.
The quasit closely misses you. The quasit claws you.
The quokka completely misses you.
You barely miss the quokka.
The quokka is severely wounded.
You hit the quasit. The quasit barely misses you.
The quasit claws you but does no damage. x2
The quokka bites you but does no damage.
The quasit bites you. The quasit claws you. You block the quasit's attack.
Unknown command.
You hit the quokka.
You kill the quokka!
The quokka's corpse disappears in a puff of smoke!
You hit the quasit.
You kill the quasit!
The quasit disappears in a puff of smoke!
Eustachio zaps a wand.
The puff of flame hits you. The rat closely misses you.
Eustachio gestures wildly while chanting.
You miss Eustachio. You barely miss the rat.
Eustachio zaps a wand.
The puff of flame hits you! The rat barely misses you.
You hit Eustachio but do no damage. You slash the rat!
You kill the rat!
The rat's corpse disappears in a puff of smoke!
You block Eustachio's attack.
You barely miss Eustachio. You hit the white imp.
Eustachio hits you with a +0 rapier. The white imp hits you.
The white imp freezes you.
Eustachio zaps a wand.
The puff of flame hits you.
* * * LOW HITPOINT WARNING * * *
The white imp gestures at you. The puff of frost hits you.
* * * LOW HITPOINT WARNING * * *
You block the white imp's attack.
Eustachio gestures wildly while chanting.
Eustachio blinks!
Unknown command.
It was a potion of brilliance.
You feel clever all of a sudden. The white imp gestures at you.
The puff of frost hits you!
You die...

#. { ##.# { ... ### ... { #.#
#.# ## #.# #.# .. #<# ##5####.#
#######.###.#.br@5..#
............#..####.###
#######..####.......... .## .#
#..)....##{.)..........# .#
####.###.#.##..####.#####.# .#
)))..# #.#.##..####.## #.##.# #
########.#............###.#.. .#
#........#####.####.#..)....#..#
#.######## #.# #.#.#...#†..#


You could see a river rat (summoned), a white imp (summoned), a shadow imp
(summoned) and a bat (summoned).

Vanquished Creatures
  A scorpion (D:4)
  A howler monkey (D:4)
  A hound (D:4)
  3 gnolls (D:4)
  5 adders
  A worm (D:3)
  5 dart slugs (D:1)
  4 orcs (D:4)
  5 endoplasms
  4 giant cockroaches
  6 goblins
  3 hobgoblins
  3 quokkas
  3 ball pythons
  4 bats
  3 frilled lizards
  4 kobolds
  3 rats
59 creatures vanquished.

Vanquished Creatures (others)
  6 plants (D:4)
6 creatures vanquished.

Grand Total: 65 creatures vanquished

Notes
Turn   | Place    | Note
-------+----------+-------------------------------------------
     0 | D:1      | Descartes the Formicid Fighter began the quest for the Orb.
     0 | D:1      | Reached XP level 1. HP: 18/18 MP: 1/1
    55 | D:1      | Reached XP level 2. HP: 16/24 MP: 2/2
   222 | D:1      | Found a faded altar of an unknown god.
   508 | D:1      | Reached XP level 3. HP: 29/29 MP: 3/3
  1223 | D:2      | Reached XP level 4. HP: 26/35 MP: 4/4
  1537 | D:2      | Reached skill level 5 in Shields
  1581 | D:2      | You fall into a shaft and drop 2 floors!
  1645 | D:4      | Reached XP level 5. HP: 39/41 MP: 5/5
  1717 | D:4      | Found a stormy altar of Qazlal.
  1725 | D:4      | Noticed a fire elemental
  1729 | D:4      | Noticed a water elemental
  1765 | D:4      | Reached XP level 6. HP: 47/47 MP: 6/6
  1821 | D:3      | Found a broken altar of Ashenzari.
  1824 | D:3      | Found a transporter.
  1824 | D:3      | Noticed an ice beast
  1830 | D:3      | Found a transporter.
  3178 | D:4      | Reached skill level 6 in Shields
  3187 | D:4      | Reached skill level 5 in Armour
  3261 | D:4      | Noticed Eustachio
  3284 | D:4      | Killed from afar by a white imp

Illustrated notes

Levels and vault maps discovered:
D:1:      denvon_arrival_hothouse, layout_basic,
          hellmonk_ecumenical_altar_defaced_shrine
D:2:      layout_loops_ring
D:3:      minmay_recursive_quarters, layout_loops_corners,
          gammafunk_temple_overflow_arena
D:4:      minmay_spotlight, layout_loops_ring, nicolae_ru_the_path_less_chosen,
          mainiacjoe_overflow_alcove_1, nicolae_qazlal_style_of_elements,
          minmay_stone_trees_small, serial_bayou_crossing, uniq_eustachio

Skill      XL: |  1  2  3  4  5  6 |
---------------+-------------------+-----
Armour         | 4 5 |  5.0
Shields        | 5 6 |  6.1
Axes           | 3 |  3.8
Fighting       | |  3.5

Action                   |  1- 3 |  4- 6 || total
-------------------------+-------+-------++-------
Melee: War axe           |    65 |   118 ||   183
  Use: Potion            |       |     1 ||     1
Armor: Scale mail        |    32 |    41 ||    73
Dodge: Dodged            |    33 |    81 ||   114
Block: Buckler           |    18 |    41 ||    59
